 Dungeon Crawl Stone Soup version 0.31-a0-833-gc15d34cb79 (webtiles) character file.

Game seed: 14397451093776491134

19 Fodor the Covered (level 2, -1/27 HPs)
             Began as a Minotaur Fighter on Sept 26, 2023.
             Slain by a gnoll
             ... wielding a +0 halberd
              (2 damage)
             ... on level 2 of the Dungeon.
             The game lasted 00:04:42 (999 turns).

Fodor the Covered (Minotaur Fighter)                 Turns: 999, Time: 00:04:42

Health: -1/27      AC:  7    Str: 20    XL:     2   Next: 55%
Magic:  1/1        EV:  9    Int:  5    God:
Gold:   13         SH:  4    Dex:  9    Spells: 1/1 levels left

rFire   . . .        i - +1 short sword (speed)
rCold   . . .        c - +0 buckler
rNeg    . . .        b - +0 scale mail
rPois   .            (helmet restricted)
rElec   .            (no cloak)
rCorr   .            (no gloves)
SInv    .            (no boots)
Will    +....        (no amulet) Stlth
                     e - ring of willpower
HPRegen 0.24/turn    (no ring)
MPRegen 0.07/turn

%: no passive effects
@: no status effects
A: horns 2, retaliatory headbutt
a: no special abilities


You were on level 2 of the Dungeon.
You visited 1 branch of the dungeon, and saw 2 of its levels.

You collected 13 gold pieces.

Inventory:

Hand Weapons
 a - a +0 long sword
 i - a +1 short sword of speed (weapon)
Armour
 b - a +0 scale mail (worn)
 c - a +0 buckler (worn)
Jewellery
 e - a ring of willpower (left hand)
Scrolls
 f - a scroll of amnesia {unknown}
 g - a scroll of identify {unknown}
 h - a scroll of teleportation {unknown}
Potions
 d - a potion of might
 j - a potion of mutation {unknown}


   Skills:
 + Level 3.9 Fighting
 + Level 2.7 Long Blades
 + Level 4.1 Armour
 + Level 0.1 Dodging
 + Level 3.9 Shields


You had one spell level left.
You didn't know any spells.
Your spell library contained the following spells:

 Spells                   Type           Power      Damage    Failure   Level
 Ensorcelled Hibernation  Hex/Ice        0%         N/A       95%         2
 Jinxbite                 Hex            0%         N/A       95%         2
 Anguish                  Hex/Necr       0%         N/A       100%        4


Dungeon Overview and Level Annotations

Branches:
Dungeon (2/15)

Altars:


Innate Abilities, Weirdness & Mutations

You have a pair of horns on your head.
You reflexively headbutt those who attack you in melee.


Message History

The gnoll shouts! x2
The gnoll attacks as it pursues you! You block the gnoll's attack.
You block the gnoll's attack.
You closely miss the gnoll. You hit the gnoll.
The gnoll is lightly wounded.
The gnoll hits you with a +0 flail.
You closely miss the gnoll. You headbutt the gnoll!
You kill the gnoll!
Your Armour skill increases to level 4!
You hit the rat.
You kill the rat!
Things that are here:
a +0 flail; a gnoll corpse You block the gnoll's attack.
The gnoll hits you but does no damage.
You hit the gnoll. You headbutt the gnoll.
The gnoll is heavily wounded.
The gnoll hits you with a +0 flail. The gnoll barely misses you.
You block the gnoll's attack.
You hit the gnoll. You headbutt the gnoll.
The gnoll is almost dead.
The gnoll hits you with a +0 flail. The gnoll closely misses you.
The gnoll hits you but does no damage.
You closely miss the gnoll.
The gnoll is almost dead.
You barely miss the gnoll.
The gnoll is almost dead.
The gnoll hits you with a +0 flail. The gnoll barely misses you.
The gnoll hits you but does no damage.
You closely miss the gnoll. Your headbutt misses the gnoll.
The gnoll is severely wounded.
You block the gnoll's attack. x2
The gnoll hits you from afar with a +0 halberd!
* * * LOW HITPOINT WARNING * * *
You hit the gnoll. Your headbutt misses the gnoll.
The gnoll is almost dead.
The gnoll hits you but does no damage. The gnoll hits you with a +0 club.
* * * LOW HITPOINT WARNING * * *
The gnoll hits you from afar with a +0 halberd.
You die...

#.......#.....
#.........#..###
#.........##...###
#................+
#..............###
...............#
.............###
.....##'##...######
#....##@g.........###
#.....g.########....#
##.....g########....#
#.........g...#....#
....#......g...#....####
....#.....g....#........
... #..........#........
.. ...........#........
............#........


You could see 3 gnolls.

Vanquished Creatures
  A gnoll (D:2)
  A bat (D:1)
  A giant cockroach (D:1)
  A hobgoblin (D:1)
  A kobold (D:1)
  2 ball pythons
  2 frilled lizards
  2 rats (D:2)
11 creatures vanquished.

Notes
Turn   | Place    | Note
-------+----------+-------------------------------------------
     0 | D:1      | Fodor the Minotaur Fighter began the quest for the Orb.
     0 | D:1      | Reached XP level 1. HP: 19/19 MP: 0/0
   301 | D:1      | Found a faded altar of an unknown god.
   917 | D:2      | Reached XP level 2. HP: 27/27 MP: 1/1
   991 | D:2      | Reached skill level 4 in Armour
   999 | D:2      | HP: 1/27 [gnoll/+0 club (3)]
   999 | D:2      | Slain by a gnoll

Illustrated notes

Levels and vault maps discovered:
D:1:      evilmike_arrival_crescent, layout_basic,
          hellmonk_ecumenical_altar_zigzags, hex_tiny, serial_park_tiny_pond
D:2:      layout_basic

Skill      XL: |  1  2 |
---------------+-------+-----
Armour         | 4 |  4.1
Fighting       | |  3.9
Long Blades    | |  2.7
Dodging        | |  0.1
Shields        | |  3.9

Action                     || total
---------------------------++-------
  Melee: Long sword        ||     9
         Short sword       ||    15
         Headbutt          ||     5
 Armour: Scale mail        ||    23
  Dodge: Dodged            ||     8
  Block: Buckler           ||    11

Table legend: (Time is in decaauts)
 A = Elapsed time spent in this place.
 B = Non-inter-level travel time spent in this place.
 C = Inter-level travel time spent in this place.
 D = Time resting spent in this place.
 E = Time spent auto-exploring this place.
 F = Levels seen in this place.
 G = Mean time per level.
                   A        B        C        D        E       F      G
               +--------+--------+--------+--------+--------+-----+--------+
         Total |   1004 |    817 |    187 |     22 |      0 |   2 |  502.0 |
       Dungeon |   1004 |    817 |    187 |     22 |      0 |   2 |  502.0 |
               +--------+--------+--------+--------+--------+-----+--------+

Top non-repeatable levels by time:
     D:1: 884 daAuts
     D:2: 120 daAuts
